[Event "*** Titled Tuesday Blitz"]
[Site "Chess.com"]
[Date "2018.12.04"]
[Round "9"]
[White "LyonBeast"]
[Black "GhostOfGreenval"]
[Result "1/2-1/2"]
[WhiteElo "2963"]
[BlackElo "2854"]
[TimeControl "180+2"]
[EndTime "15:13:12 PST"]
[Termination "Game drawn by agreement"]

1. e4 c6 2. Nf3 d5 3. Nc3 dxe4 4. Nxe4 Nf6 5. Qe2 Nxe4 6. Qxe4 Qd5 7. Qh4 Bf5 8. Bc4 Qd6 9. d3 e6 10. O-O Be7 11.
Bg5 Bxg5 12. Qxg5 O-O 13. Nh4 Bg6 14. f4 h6 15. Qe5 Qxe5 16. fxe5 Bh7 17. a4 Nd7 18.
Nf3 Rfd8 19. a5 b6 20. b4 b5 21. Ba2 c5 22. bxc5 Nxc5 23. Rab1 a6 24. Rb4 Rac8 25. Rf4 Na4 26. Bb3 Nc5 27. Ba2 Na4 28. Rf2 Nc3 29.
Bb3 Nd5 30. Rd4 Ne3 31. Re2 Nf5 32. Rxd8+ Rxd8 33. Kf2 Kf8 34. Re1 Ke7 35. h3 Nd4 36.
Nxd4 Rxd4 37. Ke3 Rd8 38. Rf1 Bg6 39. Rf4 Rc8 40. Kd4 Kd7 41. Rf2 Rc7 42. g4 Rc8 43.
Rg2 Rc7 44. h4 Ke7 45. h5 Bh7 46. Re2 Rc8 47. Re3 Rc7 48. c4 Kd7 49. Kc3 Kc6 50.
d4 bxc4 51. Bxc4 Kb7 52. Re1 Ka7 53. Re2 Rc8 54. Rf2 Rc7 55. Kb4 Rb7+ 56. Kc3 Rc7 57. Rb2 Be4 58. Rb6 Rc6 59. Rxc6 Bxc6 60. Be2 Bb7 61. Kb4 Kb8 62. Kc5 Kc7 63. Bc4 Bc8 64. d5 exd5 65. Bxd5 Be6 66. Bf3 Bd7 67. Be2 Bc8 68. Bc4 Be6 69. Bxa6 Bxg4 70. Bc4 f6 71. e6 Kb7 72. e7 Bxh5 73. Kd6 Be8 74.
Bd5+ Ka6 75. Bc6 Bh5 76. e8=Q Bxe8 77. Bxe8 Kxa5 78. Ke6 g5 79. Kxf6 g4 80. Kf5 1/2-1/2

[Event "*** Titled Tuesday Blitz"]
[Site "Chess.com"]
[Date "2018.12.04"]
[Round "9"]
[White "NikolaGry"]
[Black "DeviatkinAndrey"]
[Result "0-1"]
[WhiteElo "2646"]
[BlackElo "2682"]
[TimeControl "180+2"]
[EndTime "15:13:16 PST"]
[Termination "DeviatkinAndrey won by resignation"]

1. d4 d5 2. Nf3 Nf6 3. g3 c6 4. c4 g6 5. cxd5 cxd5 6. Bg2 Bg7 7.
O-O O-O 8. Nc3 Ne4 9. Nd2 Nf6 10. Nb3 Nc6 11. Bg5 e6 12. e4 h6 13. Bxf6 Bxf6 14. exd5 exd5 15. Bxd5 Bh3 16. Re1 Bg7 17. Qf3 Qd7 18. Nc5 Nxd4 19. Nxd7 Nxf3+ 20. Bxf3 Bxd7 21. Re7 Rfd8 22. Rd1 Be6 23. Rxd8+ Rxd8 24. Rxb7 Rd2 25. Kg2 Bd4 26. Nd1 Bxa2 27. b3 a5 28. h4 Rd3 29.
Be2 Rxb3 30. Rd7 Rb4 31. Ne3 Be6 32. Rd8+ Kg7 33. Nc2 Bc3 34. Nxb4 axb4 35. Rb8 b3 36. Bd1 b2 37. Bc2 h5 38. Bd3 Bd5+ 39. Kf1 Kf6 40.
Ke2 Ke5 41. Rd8 Be6 42. Rb8 Bg4+ 43. f3 Be6 44. Rb6 Bd4 45. Rb5+ Kd6 46. Rb8 Be5 47. f4 Bd4 48. Rb4 Kc5 49. Rb5+ Kc6 50. Rb4 Bc3 51. Rb8 Kd6 52. Kd1 Ke7 53. Rb7+ Kf6 54. Rc7 Bd4 55. Ke2 Bg4+ 56. Ke1 Be6 57. Rc6 Ke7 58. Rc7+ Kd6 59. Rb7 Bd5 60. Rb8 Bc3+ 61. Ke2 Ba2 62.
f5 gxf5 63. Bxf5 Be5 64. Kf3 Bd5+ 65. Be4 Be6 66. Rb6+ Kc5 67. Rb7 Bg4+ 68. Kf2 Kd4 69. Bh7 Kc3 70. Rb5 Bd4+ 71. Kg2 f6 72. Rb8 Kd2 73.
Rd8 Kc3 74. Rd6 f5 75. Rc6+ Kb3 76. Bg8+ Ka4 77. Ra6+ Kb5 78. Ra8 b1=Q 79. Rb8+ Bb6 80. Bd5 Qc2+ 0-1

[Event "*** Titled Tuesday Blitz"]
[Site "Chess.com"]
[Date "2018.12.04"]
[Round "9"]
[White "vinniethepooh"]
[Black "afgano29"]
[Result "1-0"]
[WhiteElo "2427"]
[BlackElo "2600"]
[TimeControl "180+2"]
[EndTime "15:13:34 PST"]
[Termination "vinniethepooh won by resignation"]

1. d4 Nf6 2. c4 g6 3. Nc3 d5 4. cxd5 Nxd5 5. Bd2 Nb6 6. Bg5 Bg7 7. e3 O-O 8. Nf3 Nc6 9. Be2 Be6 10. O-O Qd7 11.
Qc2 Bf5 12. e4 Bg4 13. d5 Na5 14. Rad1 Nac4 15. h3 Bxf3 16. Bxf3 Rac8 17. Be2 h6 18. Bc1 c6 19. Qb3 Nd6 20. Bf4 cxd5 21. Nxd5 Nxd5 22. Rxd5 Qe6 23. Bxd6 exd6 24. Bg4 f5 25. exf5 gxf5 26. Bxf5 Rxf5 27. Rxf5 Qxb3 28. axb3 Rc2 29. Rb5 b6 30. Rd1 Be5 31. g3 Rxb2 32. f4 Bg7 33. Rxd6 Bf8 34. Rd8 Kg7 35. Rd7+ Kf6 36. Rxa7 Bc5+ 37. Rxc5 bxc5 38.
Ra6+ Kf5 39. Rc6 Rxb3 40. Rxc5+ Ke4 41. Kh2 Rb2+ 42. Kg1 Rb3 43. Kf2 Rb2+ 44. Kf1 Rb1+ 45. Ke2 Rb2+ 46. Kd1 Rb3 47. Re5+ Kf3 48. Kc2 Rb6 49. g4 Kxf4 50. Rh5 Kg3 51. Kd3 Re6 52. Kd4 Kf4 53. Rf5+ Kg3 54. Rh5 Kf4 55. Kd5 Rf6 56. Kd4 Rd6+ 57. Kc5 Re6 58. Kd5 Rf6 59. Re5 Rf8 60. Re1 Kg3 61. Re3+ Kh4 62. Ra3 Re8 63. Kd4 Rf8 64. Ke4 Rf1 65. Re3 Rh1 66. Kf4 Rf1+ 67. Ke4 Rf8 68. Rd3 Kg5 69. Rd5+ Kg6 70. Rd6+ Kg5 71.
Rd5+ Kg6 72. Rh5 Rf1 73. Rf5 Rh1 74. Rf3 Ra1 75. Kf4 Rg1 76. Re3 Rf1+ 77. Kg3 Rg1+ 78. Kf3 Rf1+ 79. Kg2 Ra1 80. Rc3 Kg5 81. Rc5+ Kg6 82.
h4 Ra3 83. Rc6+ Kg7 84. Re6 Rd3 85. Rc6 Rb3 86. Rc7+ Kg6 87. h5+ Kg5 88. Rg7+ Kf4 89. Rg6 Rb2+ 90. Kh3 Rb3+ 91. Kh4 Rb1 92. Rf6+ Ke5 93.
Rxh6 Kf4 94. Rf6+ Ke5 95. Rf5+ Ke6 96. Kg5 Rh1 97. h6 Ke7 98. Kg6 Ke8 99. g5 Ra1 100. h7 1-0

[Event "*** Titled Tuesday Blitz"]
[Site "Chess.com"]
[Date "2018.12.04"]
[Round "9"]
[White "chessking2151"]
[Black "Jbd735"]
[Result "1-0"]
[WhiteElo "2561"]
[BlackElo "2498"]
[TimeControl "180+2"]
[EndTime "15:13:56 PST"]
[Termination "chessking2151 won by resignation"]

1. d4 d5 2. c4 c6 3. Nf3 e6 4. e3 Nf6 5. b3 Nbd7 6. Bd3 Bd6 7.
Bb2 O-O 8. Nbd2 b6 9. Qe2 Bb7 10.
Ne5 c5 11. cxd5 Nxd5 12. Ndc4 Bc7 13. Nxd7 Qxd7 14. dxc5 Nb4 15. Bb1 bxc5 16. O-O Rad8 17. Qh5 f5 18. Qg5 Nd5 19. Bc2 Qe7 20. Qxe7 Nxe7 21. Rfd1 Nd5 22. Rac1 Rf7 23. Ne5 Rff8 24. Bb1 Bd6 25. Nd3 Rc8 26. Ba3 Rfd8 27. Nxc5 Bxc5 28. Bxc5 a6 29. Bd4 Nb4 30. Rxc8 Rxc8 31. Kf1 Bd5 32. f3 Nc6 33. Bb2 g6 34. Ke2 Nb4 35. Rc1 Rd8 36. Bc3 Rc8 37. Bd2 Rxc1 38. Bxc1 Kf7 39. Bd2 Nc6 40.
Bc3 e5 41. Bd3 a5 42. Bb5 Nb4 43. a3 Nc2 44. a4 Bxb3 45. Bxa5 Na3 46. Bc6 Nc4 47.
Bc3 Ke6 48. a5 Kd6 49. Be8 Na3 50. Kf2 Kc7 51. Bxe5+ Kb7 52. Bb2 Nc4 53. Bc3 Ka6 54. e4 fxe4 55. fxe4 Nxa5 56. Bxa5 Kxa5 57. Ke3 Kb6 58. Kd4 Kc7 59. Ke5 Kd8 60. Bc6 Ke7 61. Bd5 Bc2 62. g4 h6 63. h4 Bd1 64. g5 hxg5 65. hxg5 Bc2 66. Kd4 Bb1 67. Ke5 Bc2 68. Bb7 Bb1 69. Ba6 Bc2 70. Bc4 Bb1 71. Kd4 Bc2 72. Ba2 Bd1 73. Ke5 Bc2 74. Bc4 Bb1 75. Bg8 Bc2 76. Kd4 Bb1 77. Bb3 Kd6 78. Ba4 Ke7 79. Bb5 Bc2 80. Bc4 Bd1 81. Ba2 Bg4 82. Ke5 Bd1 83. Bc4 Bg4 84. Bb3 Be2 85.
Kd4 Bg4 86. Bc2 Bh5 87. e5 Kf7 88. Kd5 Ke7 89. Be4 Kf7 90. Kd6 Bg4 91. Bd5+ Ke8 92. e6 Kf8 93. e7+ 1-0

[Event "*** Titled Tuesday Blitz"]
[Site "Chess.com"]
[Date "2018.12.04"]
[Round "9"]
[White "Vuk2000"]
[Black "CaptainCasanova"]
[Result "1/2-1/2"]
[WhiteElo "2654"]
[BlackElo "2658"]
[TimeControl "180+2"]
[EndTime "15:14:21 PST"]
[Termination "Game drawn by repetition"]

1. d4 Nf6 2. Bg5 Ne4 3. Bf4 d5 4. e3 Nd7 5. Bd3 Ndf6 6. c4 e6 7. Nc3 Bd6 8. Bxd6 cxd6 9. cxd5 Nxc3 10. bxc3 Nxd5 11. Ne2 O-O 12. O-O Nf6 13. Qb3 b6 14. c4 Bb7 15. Nc3 Qd7 16. Rfd1 Rac8 17. Rac1 Rfd8 18.
Be2 h5 19. Qa3 Ba8 20. Nb5 Bc6 21. Nc3 h4 22. h3 Ba8 23. Qb4 Qc7 24. Nb5 Qd7 25.
Qa3 Bc6 26. Nc3 Ba8 27. Rc2 Ne4 28. Nxe4 Bxe4 29. Bd3 Bxd3 30. Rxd3 Rc7 31. Rdc3 Rdc8 32. Qb4 e5 33. Rd2 Qe6 34. dxe5 dxe5 35. Rd6 Qe7 36. a3 Rxc4 37. Rxc4 Rxc4 38. Qxc4 Qxd6 39. a4 Qe7 40. e4 g6 41. Kf1 Kg7 42. Ke2 Qa3 43. Qb5 Qa2+ 44.
Ke3 Qa1 45. Kf3 Kf6 46. Qc6+ Kg5 47. Qc2 Qd4 48. Qc1+ Kh5 49. Qc2 a5 50. Ke2 Kg5 51.
Qc1+ Kf6 52. Qc6+ Kg7 53. Qc2 f6 54. Qc7+ Kh6 55. Qc6 Kg5 56. Qc1+ Kh5 57. Qc2 Qb4 58. Qc6 Qb2+ 59. Kf3 Qb3+ 60. Ke2 Qb2+ 61. Kf3 Kg5 62.
g3 hxg3 63. fxg3 Qb3+ 64. Kg2 f5 65. exf5 Qb2+ 66. Kf3 Qa3+ 67. Kg2 Qa2+ 68. Kf3 Qb3+ 69. Kg2 gxf5 70. h4+ Kh5 71. Qe8+ Kh6 72. Qxe5 Qxa4 73.
Qf6+ Kh7 74. Qxf5+ Kg7 75. Qe5+ Kh7 76. Qe7+ Kg8 77.
Qe6+ Kg7 78. Qxb6 Qc2+ 79. Kf3 a4 80. Qd4+ Kf7 81. Qd5+ Kg7 82. Qe5+ Kf7 83. Qd5+ Kg7 84. Qd7+ Kf8 85. Qd6+ Kf7 86. h5 Qb3+ 87. Ke4 a3 88.
Qd7+ Kf8 89. Qd8+ Kf7 90. Qd7+ Kf8 91. Qd8+ Kf7 92. Qd7+ Kf8 1/2-1/2

[Event "*** Titled Tuesday Blitz"]
[Site "Chess.com"]
[Date "2018.12.04"]
[Round "10"]
[White "Schachmalanders"]
[Black "BIG_Pirate"]
[Result "0-1"]
[WhiteElo "2288"]
[BlackElo "2352"]
[TimeControl "180+2"]
[EndTime "15:16:31 PST"]
[Termination "BIG_Pirate won by resignation"]

1. e4 d5 2. exd5 Qxd5 3. Nc3 Qa5 4. d4 Nf6 5. Nf3 Bg4 6. h3 Bh5 7. g4 Bg6 8. Ne5 e6 9. h4 Bb4 10. Bd2 Nbd7 11. a3 Nxe5 12. axb4 Nf3+ 13. Qxf3 Qxa1+ 14.
Nd1 Be4 0-1

[Event "*** Titled Tuesday Blitz"]
[Site "Chess.com"]
[Date "2018.12.04"]
[Round "10"]
[White "nurmiTV"]
[Black "Muguet7"]
[Result "1-0"]
[WhiteElo "2488"]
[BlackElo "2447"]
[TimeControl "180+2"]
[EndTime "15:17:57 PST"]
[Termination "nurmiTV won by resignation"]

1. c4 e5 2. Nc3 Nf6 3. g3 c6 4. d4 e4 5. Bg2 d5 6. Nh3 Bb4 7. O-O O-O 8. Bg5 Be6 9. Nf4 Bxc3 10. bxc3 h6 11. Bxf6 Qxf6 12. Qb3 b6 13. cxd5 cxd5 14. Nxd5 Qd8 15. Bxe4 f5 16. Bg2 Nc6 17. c4 Nxd4 18. Qe3 1-0

[Event "*** Titled Tuesday Blitz"]
[Site "Chess.com"]
[Date "2018.12.04"]
[Round "10"]
[White "Kimster98"]
[Black "gemarin"]
[Result "1-0"]
[WhiteElo "2554"]
[BlackElo "2051"]
[TimeControl "180+2"]
[EndTime "15:18:28 PST"]
[Termination "Kimster98 won by resignation"]

1. Nf3 c5 2. g3 Nc6 3. Bg2 d5 4.
O-O Nf6 5. d4 e6 6. c4 dxc4 7.
dxc5 Qxd1 8. Rxd1 Bxc5 9. Nbd2 Ng4 10. e3 Nge5 11. Nxe5 Nxe5 12. Ne4 Bb4 13. Bd2 a5 14. Bxb4 axb4 15. f4 Nd3 16. Nd6+ Ke7 17. Nxc4 b5 18. Nb6 Nxb2 19. Bxa8 Nxd1 20. Rxd1 1-0

[Event "*** Titled Tuesday Blitz"]
[Site "Chess.com"]
[Date "2018.12.04"]
[Round "10"]
[White "Kawhi_Leonard2"]
[Black "Morshynska"]
[Result "0-1"]
[WhiteElo "2250"]
[BlackElo "2078"]
[TimeControl "180+2"]
[EndTime "15:19:13 PST"]
[Termination "Morshynska won by resignation"]

1. e4 e5 2. Nf3 Nc6 3. Bb5 a6 4.
Bxc6 dxc6 5. O-O Qf6 6. d4 exd4 7. Bg5 Qd6 8. Qxd4 Qxd4 9. Nxd4 Bd7 10. Re1 h6 11.
Be3 Nf6 12. f3 O-O-O 13. Nb3 b6 14. a4 a5 15. N1d2 c5 16. c4 g5 17. Nb1 Bg7 18.
Nc3 c6 19. Rad1 Be6 20. Nd2 Nd7 21. b3 Bxc3 0-1

[Event "*** Titled Tuesday Blitz"]
[Site "Chess.com"]
[Date "2018.12.04"]
[Round "10"]
[White "AquivaRubinstein"]
[Black "Superfelix"]
[Result "1-0"]
[WhiteElo "2418"]
[BlackElo "2388"]
[TimeControl "180+2"]
[EndTime "15:19:23 PST"]
[Termination "AquivaRubinstein won by resignation"]

1. Nf3 g6 2. h4 h5 3. d4 Bg7 4. c4 d6 5. Nc3 Nd7 6. Bg5 Ngf6 7. Qd2 c5 8. e3 O-O 9. O-O-O Qa5 10. Kb1 Re8 11. Be2 a6 12. Nd5 Qxd2 13. Rxd2 Ne4 14. Rc2 f6 15. Bf4 e5 16. Bh2 Nxf2 17.
Rf1 Ng4 18. Bg1 Ra7 19. Nd2 f5 20. Nb3 Ndf6 21. dxc5 dxc5 22. Nxc5 Nxd5 23. cxd5 Bf8 24. Ne6 Bd6 25. e4 f4 26. Bxa7 1-0

[Event "*** Titled Tuesday Blitz"]
[Site "Chess.com"]
[Date "2018.12.04"]
[Round "10"]
[White "afgano29"]
[Black "MFguimaraes"]
[Result "1-0"]
[WhiteElo "2603"]
[BlackElo "2352"]
[TimeControl "180+2"]
[EndTime "15:19:44 PST"]
[Termination "afgano29 won by resignation"]

1. d4 d5 2. c4 c6 3. Nf3 Nf6 4. Nc3 a6 5. Ne5 Nbd7 6. Bf4 Nh5 7. Bd2 Nxe5 8. dxe5 d4 9. Ne4 g6 10. e3 dxe3 11.
Bxe3 Qxd1+ 12. Rxd1 Bg7 13. f4 Be6 14. Be2 Bf8 15. Bxh5 gxh5 16. Nc5 Bc8 17. Na4 b5 18. Nb6 Rb8 19. c5 Be6 20. b3 f6 21. exf6 exf6 22.
O-O Rg8 23. Rfe1 Kf7 24. Bf2 f5 25. Rd2 Bg7 26. Rd6 Rgd8 27. Rexe6 Rxd6 28. Rxd6 Re8 29. Rxc6 Re2 30. Rc7+ Kg6 31. c6 Rxa2 32. Rxg7+ Kxg7 33. Bd4+ Kf7 34. c7 1-0

[Event "*** Titled Tuesday Blitz"]
[Site "Chess.com"]
[Date "2018.12.04"]
[Round "10"]
[White "Iyael"]
[Black "Vadim_Biliy"]
[Result "0-1"]
[WhiteElo "2107"]
[BlackElo "2135"]
[TimeControl "180+2"]
[EndTime "15:19:49 PST"]
[Termination "Vadim_Biliy won by resignation"]

1. e4 d6 2. d4 Nf6 3. Nc3 g6 4. Nf3 Bg7 5. h3 O-O 6. Be3 Nc6 7. Qd2 a6 8. a4 e5 9. d5 Nb8 10. g4 a5 11. Be2 c6 12. dxc6 Nxc6 13. Rd1 Nd4 14.
Nxd4 exd4 15. Bxd4 Re8 16. f3 d5 17. Nxd5 Nxd5 18. Bxg7 Kxg7 19. Qxd5 Qc7 20. Qd4+ Kg8 21.
c3 Be6 22. Kf2 Bb3 23. Ra1 Rad8 24. Qe3 b6 25. Bb5 Re6 26. h4 Red6 27. Rae1 Rd2+ 28. Re2 Rd1 29. Rxd1 Qh2+ 30. Kf1 Rxd1+ 31. Re1 Rd2 32.
Qg1 Qh3+ 0-1

[Event "*** Titled Tuesday Blitz"]
[Site "Chess.com"]
[Date "2018.12.04"]
[Round "10"]
[White "Anar_Aliakbarov"]
[Black "vinniethepooh"]
[Result "0-1"]
[WhiteElo "2544"]
[BlackElo "2438"]
[TimeControl "180+2"]
[EndTime "15:19:50 PST"]
[Termination "vinniethepooh won by resignation"]

1. d4 d5 2. c4 Nf6 3. Nc3 g6 4.
Nf3 Bg7 5. Qb3 c6 6. Bg5 dxc4 7. Qxc4 O-O 8. e4 Bg4 9. e5 Nd5 10.
Nxd5 cxd5 11. Qb3 Bxf3 12. Qxf3 Nc6 13. O-O-O f6 14. exf6 Bxf6 15. Bxf6 Rxf6 16. Qe3 Nb4 17. Kb1 Qc8 18. Bd3 Nxd3 19. Rxd3 Qf5 20. f3 Re6 21. Qd2 Rc8 22. a3 Rc4 23. Ka2 Rec6 24. Rd1 Rc2 25.
Qb4 Rb6 26. Qxe7 Rbxb2+ 27. Ka1 Ra2+ 28. Kb1 Rcb2+ 29. Kc1 Qc8+ 0-1

[Event "*** Titled Tuesday Blitz"]
[Site "Chess.com"]
[Date "2018.12.04"]
[Round "10"]
[White "baki83"]
[Black "colegiodemadrid"]
[Result "1-0"]
[WhiteElo "2556"]
[BlackElo "2307"]
[TimeControl "180+2"]
[EndTime "15:20:07 PST"]
[Termination "baki83 won by resignation"]

1. e4 e5 2. Nf3 Nc6 3. Nc3 Nf6 4.
Bb5 Nd4 5. Bc4 Nxf3+ 6. gxf3 c6 7.
d4 d6 8. dxe5 dxe5 9. Bxf7+ Ke7 10. Qxd8+ Kxd8 11. Be3 Bb4 12. a3 Bxc3+ 13. bxc3 Rf8 14.
Bc4 Nh5 15. Rg1 g6 16. Rg5 Rxf3 17. Rxe5 Bd7 18. O-O-O Kc7 19. Re7 Rd8 20. Be6 Nf6 21. Bg5 Kc8 22. Bxf6 Bxe6 23. Rxd8+ Kxd8 24. Rxe6+ Kd7 25.
Re7+ Kd6 26. e5+ 1-0

[Event "*** Titled Tuesday Blitz"]
[Site "Chess.com"]
[Date "2018.12.04"]
[Round "10"]
[White "JSMastropiero"]
[Black "aquaticpineapples"]
[Result "0-1"]
[WhiteElo "2144"]
[BlackElo "2080"]
[TimeControl "180+2"]
[EndTime "15:20:12 PST"]
[Termination "aquaticpineapples won by resignation"]

1. d4 d5 2. c4 e6 3. Nf3 Nf6 4. Nc3 Be7 5. Bf4 O-O 6. e3 a6 7.
Qc2 b6 8. cxd5 exd5 9. h3 Bb7 10. Rd1 Re8 11. Bd3 Nbd7 12. O-O Rc8 13. Ne5 c5 14. Bf5 g6 15. Nxd7 Nxd7 16. Bg4 h5 17. Bf3 c4 18. Nxd5 Bxd5 19. Bxd5 Nf6 20. Qxg6+ Kh8 21. Bxf7 Bf8 22. Be5 Bg7 23. Bxe8 Qxe8 24. Qxe8+ Rxe8 25. Bxf6 Bxf6 26. Rc1 b5 27. b3 Rc8 28.
bxc4 bxc4 29. Rc3 Be7 30. Rfc1 Kg7 31. Rxc4 Rb8 32. Rc7 Kf7 33. Ra7 Ke6 34. Rc6+ Bd6 35. Raxa6 Rb1+ 0-1

[Event "*** Titled Tuesday Blitz"]
[Site "Chess.com"]
[Date "2018.12.04"]
[Round "10"]
[White "WinnerOleg"]
[Black "Bigfish1995"]
[Result "0-1"]
[WhiteElo "2361"]
[BlackElo "2990"]
[TimeControl "180+2"]
[EndTime "15:20:13 PST"]
[Termination "Bigfish1995 won by checkmate"]

1. d4 Nf6 2. c3 d6 3. Nf3 Nbd7 4. g3 e5 5. Bg2 e4 6. Ng5 d5 7. f3 h6 8. Nh3 Nb6 9. Nf2 exf3 10. exf3 Bd6 11.
O-O O-O 12. Nd3 Bf5 13. Ne5 c5 14. b3 cxd4 15. cxd4 Rc8 16. Be3 Nfd7 17. f4 f6 18.
Nxd7 Qxd7 19. Nd2 Rc3 20. Bf2 Rfc8 21. a4 a5 22. Re1 Bb4 23. Qh5 Kh7 24. h3 Bg6 25. Qg4 Qxg4 26. hxg4 Rd3 27. Nf1 Bxe1 28. Rxe1 Rxb3 29. Ne3 Be4 30. Bf1 Nxa4 31. Ra1 b5 32. Bxb5 Rxb5 33. Rxa4 Rc1+ 34. Kh2 Rh1# 0-1

[Event "*** Titled Tuesday Blitz"]
[Site "Chess.com"]
[Date "2018.12.04"]
[Round "10"]
[White "Shahinyan_ChessMood"]
[Black "mazetofonias"]
[Result "1-0"]
[WhiteElo "2651"]
[BlackElo "2555"]
[TimeControl "180+2"]
[EndTime "15:20:17 PST"]
[Termination "Shahinyan_ChessMood won by resignation"]

1. e3 Nf6 2. b3 d5 3. Bb2 c6 4.
f4 Bf5 5. Nf3 Nbd7 6. Be2 e6 7.
O-O Bd6 8. d3 O-O 9. Qe1 Qc7 10.
Nbd2 Bg4 11. Qg3 Bxf3 12. Nxf3 Kh8 13. Qh4 Rae8 14. Ng5 h6 15. Rf3 e5 16. f5 Kg8 17.
Rh3 a5 18. Rf1 e4 19. dxe4 dxe4 20. Bc4 Ne5 21. Nxe4 Nxe4 22. Qxe4 b5 23. Be2 Nc4 24. Qg4 Nxb2 25. f6 g6 26. Rxh6 Be5 27. Qh4 Bxh2+ 28. Kh1 1-0

[Event "*** Titled Tuesday Blitz"]
[Site "Chess.com"]
[Date "2018.12.04"]
[Round "10"]
[White "Mykola-Bortnyk"]
[Black "LyonBeast"]
[Result "1/2-1/2"]
[WhiteElo "2861"]
[BlackElo "2960"]
[TimeControl "180+2"]
[EndTime "15:20:25 PST"]
[Termination "Game drawn by agreement"]

1. e4 c5 2. c3 Nf6 3. e5 Nd5 4. d4 cxd4 5. Nf3 Nc6 6. cxd4 d6 7. Bc4 dxe5 8. Bxd5 Qxd5 9. Nc3 Qd6 10. d5 Nd4 11.
Nxd4 exd4 12. Qxd4 e5 13. Qe4 f5 14. Qe2 Kf7 15.
O-O Bd7 16. Be3 a6 17. Rac1 Be7 18. f4 Rhe8 19. Qf2 Rac8 20. Rcd1 Rc4 21. fxe5 Qxe5 22. Bf4 Bc5 23. Bxe5 Bxf2+ 24. Rxf2 Rxe5 25. Rfd2 g5 26. a3 1/2-1/2

[Event "*** Titled Tuesday Blitz"]
[Site "Chess.com"]
[Date "2018.12.04"]
[Round "10"]
[White "BvsN"]
[Black "DiogenesSinopeus"]
[Result "0-1"]
[WhiteElo "2284"]
[BlackElo "2422"]
[TimeControl "180+2"]
[EndTime "15:20:26 PST"]
[Termination "DiogenesSinopeus won by resignation"]

1. d4 Nf6 2. c4 e6 3. Nc3 Bb4 4. f3 O-O 5. a3 Bxc3+ 6. bxc3 c5 7. e4 Ne8 8. Bd3 b6 9. Ne2 Nc6 10. O-O Ba6 11. f4 f5 12. exf5 exf5 13. Ng3 g6 14. Qe2 Nd6 15. Be3 Re8 16. Qf2 Bxc4 17. dxc5 Bxd3 18. cxd6 Bxf1 19. Rxf1 Qf6 20. c4 Qe6 21.
Bd2 Qxc4 22. Rc1 Qd4 23. Qxd4 Nxd4 24. Rc7 Red8 25. Nf1 Ne6 26. Ne3 Nxc7 27. dxc7 Rdc8 28. Nd5 Kf7 29. Bb4 Ke6 30. Ne3 Rxc7 31. g4 a5 32. Bd2 b5 33. gxf5+ gxf5 34. h4 b4 35. axb4 a4 36.
Nd1 a3 37. Nc3 a2 0-1

[Event "*** Titled Tuesday Blitz"]
[Site "Chess.com"]
[Date "2018.12.04"]
[Round "10"]
[White "eldur16"]
[Black "iaraldinho"]
[Result "0-1"]
[WhiteElo "2633"]
[BlackElo "2506"]
[TimeControl "180+2"]
[EndTime "15:20:28 PST"]
[Termination "iaraldinho won by resignation"]

1. e4 c5 2. Ne2 a6 3. g3 Nc6 4.
Bg2 e6 5. d4 cxd4 6. Nxd4 Qc7 7.
Nc3 Nxd4 8. Qxd4 Nf6 9. O-O Bc5 10. Bf4 d6 11. Qd2 h6 12. Rad1 e5 13. Be3 Bg4 14. Rc1 O-O 15. h3 Be6 16. a3 Rfd8 17. Kh2 Rac8 18.
f4 Qb6 19. Bxc5 dxc5 20. Qe3 Qxb2 21. fxe5 Nd7 22. Nd5 Bxd5 23. exd5 Qxe5 24. Qb3 b5 25. c4 Rb8 26. Rf4 Nf6 27. cxb5 Rxb5 28. Qa4 Rb2 29. Qxa6 Rxd5 30. Rg1 Rdd2 31. Kh1 Nh5 32. Qc8+ Kh7 33. Be4+ Qxe4+ 0-1

[Event "*** Titled Tuesday Blitz"]
[Site "Chess.com"]
[Date "2018.12.04"]
[Round "10"]
[White "Bad_left_hook"]
[Black "Jooonaaas1996"]
[Result "1-0"]
[WhiteElo "2515"]
[BlackElo "2299"]
[TimeControl "180+2"]
[EndTime "15:20:40 PST"]
[Termination "Bad_left_hook won by resignation"]

1. d4 Nf6 2. c4 e6 3. Nc3 d5 4. cxd5 exd5 5. Bg5 Bb4 6. e3 h6 7. Bxf6 Qxf6 8. Qb3 Nc6 9. Bb5 O-O 10. Bxc6 Bxc3+ 11. Qxc3 bxc6 12. Rc1 Qg6 13. Ne2 Qxg2 14. Rg1 Qxh2 15.
Qxc6 Be6 16. Qxc7 Qh4 17. Qe5 g6 18. Nf4 Qh2 19. Rxg6+ fxg6 20. Qxe6+ Kh8 21. Qe5+ Kg8 22. Rc7 1-0

[Event "*** Titled Tuesday Blitz"]
[Site "Chess.com"]
[Date "2018.12.04"]
[Round "10"]
[White "David_Klein"]
[Black "wadsy27"]
[Result "1-0"]
[WhiteElo "2613"]
[BlackElo "2444"]
[TimeControl "180+2"]
[EndTime "15:20:53 PST"]
[Termination "David_Klein won by resignation"]

1. e4 c5 2. Nf3 e6 3. g3 Nc6 4. Bg2 Nf6 5. Qe2 d6 6. c3 e5 7. O-O Be7 8. a3 h5 9. h3 h4 10. g4 Nh7 11. d3 Ng5 12. b4 Nxf3+ 13. Qxf3 Bg5 14. Be3 b6 15. Nd2 Be6 16. Qe2 O-O 17.
Nf3 Be7 18. d4 cxd4 19. cxd4 exd4 20. Nxd4 Nxd4 21. Bxd4 Rc8 22. Rfd1 Bg5 23. Be3 Qf6 24. Bxg5 Qxg5 25. Rxd6 Qe5 26. Rad1 Rc3 27. Qb2 Rfc8 28. Rd8+ Rxd8 29. Rxd8+ Kh7 30. Rd3 Rc5 31. Qxe5 Rxe5 32. f4 Rb5 33. Rd4 a5 34. Bf1 axb4 35. axb4 1-0

[Event "*** Titled Tuesday Blitz"]
[Site "Chess.com"]
[Date "2018.12.04"]
[Round "10"]
[White "dmosesov"]
[Black "Mikhail_Golubev"]
[Result "1-0"]
[WhiteElo "2348"]
[BlackElo "2450"]
[TimeControl "180+2"]
[EndTime "15:21:06 PST"]
[Termination "dmosesov won by resignation"]

1. e4 c5 2. Nf3 d6 3. d4 Nf6 4.
Nc3 cxd4 5. Nxd4 g6 6. Be3 Bg7 7. f3 a6 8. Qd2 h5 9. O-O-O Nbd7 10. Bc4 Qc7 11. Bb3 b5 12. Rhe1 Bb7 13. Bg5 Nb6 14.
f4 b4 15. Nd5 Bxd5 16. exd5 a5 17. Nc6 a4 18. Rxe7+ Qxe7 19. Nxe7 axb3 20. cxb3 Kxe7 21. Qe3+ Kd7 22. Qxb6 Rhc8+ 23. Kb1 Rab8 24. Qa7+ Ke8 25. Re1+ Kf8 26. Qe7+ Kg8 27. Bxf6 Bf8 28. Qe4 1-0

[Event "*** Titled Tuesday Blitz"]
[Site "Chess.com"]
[Date "2018.12.04"]
[Round "10"]
[White "PchelkinVK"]
[Black "NikolaGry"]
[Result "0-1"]
[WhiteElo "2567"]
[BlackElo "2652"]
[TimeControl "180+2"]
[EndTime "15:21:08 PST"]
[Termination "NikolaGry won by resignation"]

1. d4 d5 2. Nc3 Nf6 3. Bf4 c6 4. Nf3 Bf5 5. e3 e6 6. Ne5 h6 7. g4 Bh7 8. Bd3 Bxd3 9. Qxd3 Nfd7 10. O-O-O Nxe5 11. Bxe5 Nd7 12. Bg3 Qa5 13. e4 Bb4 14.
exd5 cxd5 15. Nb5 O-O 16. g5 a6 17. Nd6 Qxa2 18. c3 Rfc8 19. Nxc8 Rxc8 20. gxh6 Rxc3+ 21. Qxc3 Bxc3 22. bxc3 Nb6 0-1

[Event "*** Titled Tuesday Blitz"]
[Site "Chess.com"]
[Date "2018.12.04"]
[Round "10"]
[White "Firouzja2003"]
[Black "gmcorrales"]
[Result "1-0"]
[WhiteElo "3003"]
[BlackElo "2799"]
[TimeControl "180+2"]
[EndTime "15:21:23 PST"]
[Termination "Firouzja2003 won by resignation"]

1. e4 c5 2. Nf3 d6 3. d4 cxd4 4. Nxd4 Nf6 5. Nc3 a6 6. Bg5 e6 7. f4 Qb6 8. a3 Nc6 9. Nb3 Be7 10. Qd2 h6 11. Bxf6 Bxf6 12. O-O-O O-O 13. g4 Bh4 14. Kb1 Rd8 15. Qd3 Qf2 16. Qh3 Bf6 17. Qg3 Qxg3 18. hxg3 Bxc3 19. bxc3 b6 20. Rh2 Ra7 21. Rhd2 Rad7 22.
Nd4 Na5 23. Nb3 Nc6 24. c4 Kf8 25. Bg2 Bb7 26. c5 bxc5 27. Nxc5 Rc7 28. Rxd6 Rb8 29. Kc1 Bc8 30. e5 Na5 31. Rd8+ Ke7 32. Nxa6 Nb3+ 33. Kb2 Nd2+ 34. Nxb8 Nc4+ 35. Kc1 Ne3 36. Nc6+ Rxc6 37. Bxc6 1-0

[Event "*** Titled Tuesday Blitz"]
[Site "Chess.com"]
[Date "2018.12.04"]
[Round "10"]
[White "Keaton87"]
[Black "nubair1198"]
[Result "0-1"]
[WhiteElo "2544"]
[BlackElo "2628"]
[TimeControl "180+2"]
[EndTime "15:21:41 PST"]
[Termination "nubair1198 won by resignation"]

1. Nf3 d5 2. e3 c5 3. b3 Nf6 4. Bb2 Nc6 5. Bb5 Bd7 6. O-O e6 7. c4 a6 8. Ba4 Bd6 9. cxd5 exd5 10. Bxc6 Bxc6 11. d4 c4 12. Ne5 cxb3 13. axb3 Bb5 14. Re1 O-O 15. Nc3 Qb6 16. Qf3 Bc6 17. Qd1 Rfd8 18. Na4 Bxa4 19. Rxa4 Rac8 20. Qd3 Ne4 21. f3 Nc3 22. Bxc3 Qxb3 23. Bb4 Qxa4 24. Bxd6 Rxd6 25.
Qf5 Qe8 26. h4 Rf6 27. Qg4 Qe6 28. Qg3 Qf5 29. Rb1 b5 30. Ra1 Re6 31. Qe1 Rc2 32.
Qg3 h5 33. Nd7 Rc8 34. Re1 Rg6 0-1